Map: Submarine LE

Players

IIIIIIIIIIII - Winner!

  • Race: Protoss Protoss
  • League: Master
  • Spawn Location: 11:00

ZerlingKing

  • Race: Zerg Zerg
  • League: Master
  • Spawn Location: 5:00

VOD

Have the link to the VOD?

Description

Time

  • Played on: Dec. 6, 2020, 10:37 a.m.
  • Length: 12:40
Show
View Real Time Build Order
Export as new Build Order

IIIIIIIIIIII Protoss - Winner!

Build Orders: Oracle Opening, Carriers 

Get SALT Encoding   

  12  0:00  Probe  
  13  0:12  Probe  
  14  0:19  Pylon  
  14  0:24  Probe (Chrono Boost)  
  15  0:37  Probe (Chrono Boost)  
  15  0:40  Gateway  
  16  0:43  Probe  
  16  0:47  Assimilator  
  17  0:55  Probe (Chrono Boost)  
  18  1:06  Assimilator  
  18  1:08  Probe (Chrono Boost)  
  19  1:14  Probe (Chrono Boost)  
  20  1:22  Probe  
  21  1:27  Cybernetics Core  
  21  1:34  Probe  
  21  1:39  Pylon  
  22  1:46  Probe  
  23  2:01  Nexus  
  23  2:06  Stalker (Chrono Boost)  
  23  2:12  Warp Gate  
  25  2:21  Stargate  
  25  2:25  Probe  
  26  2:33  Stalker  
  28  2:41  Probe  
  28  2:42  Shield Battery  
  29  2:53  Probe  
  30  3:05  Probe  
  31  3:07  Pylon  
  31  3:11  Oracle (Chrono Boost)  
  31  3:15  Probe  
  31  3:17  Probe  
  36  3:24  Pylon  
  36  3:28  Probe (Chrono Boost)  
  36  3:32  Probe (Chrono Boost)  
  38  3:35  Void Ray  
  38  3:40  Probe (Chrono Boost)  
  43  3:46  Probe x2 (Chrono Boost)  
  45  3:54  Probe x2  
  47  3:56  Robotics Facility  
  47  4:06  Probe x2, Assimilator  
  49  4:10  Assimilator  
  49  4:17  Void Ray (Chrono Boost)  
  49  4:18  Probe x2  
  55  4:27  Pylon  
  55  4:30  Probe x2  
  57  4:42  Probe x2  
  57  4:43  Observer (Chrono Boost)  
  60  4:54  Probe x2  
  60  4:57  Nexus  
  62  5:02  Immortal (Chrono Boost)  
  62  5:06  Probe x2  
  68  5:18  Probe, Pylon  
  69  5:22  Robotics Bay  
  69  5:24  Fleet Beacon  
  69  5:26  Probe  
  70  5:30  Pylon  
  70  5:36  Probe  
  70  5:38  Probe  
  70  5:39  Immortal (Chrono Boost)  
  76  5:49  Probe  
  77  5:50  Probe  
  77  5:56  Pylon  
  78  6:01  Probe  
  78  6:02  Probe  
  80  6:08  Colossus (Chrono Boost)  
  80  6:10  Carrier (Chrono Boost)  
  86  6:13  Probe  
  86  6:15  Probe  
  86  6:16  Probe  
  95  6:25  Probe  
  96  6:27  Probe  
  96  6:28  Probe  
  96  6:30  Shield Battery  
  98  6:37  Probe  
  98  6:39  Probe  
  100  6:41  Probe  
  100  6:43  Extended Thermal Lance  
  101  6:48  Stargate  
  101  6:49  Probe  
  104  6:59  Pylon  
  104  7:00  Colossus (Chrono Boost)  
  104  7:01  Pylon  
  104  7:02  Protoss Air Weapons Level 1 (Chrono Boost)  
  104  7:06  Assimilator  
  108  7:10  Assimilator, Pylon  
  108  7:12  Pylon  
  108  7:15  Shield Battery  
  108  7:16  Probe  
  108  7:17  Shield Battery  
  115  7:31  Carrier (Chrono Boost)  
  115  7:40  Forge  
  115  7:42  Carrier (Chrono Boost)  
  115  7:44  Pylon  
  115  7:47  Pylon  
  115  7:49  Pylon  
  121  7:51  Gateway  
  121  7:52  Colossus (Chrono Boost)  
  127  8:08  Pylon  
  127  8:11  Nexus  
  126  8:17  Carrier (Chrono Boost)  
  126  8:19  Protoss Ground Weapons Level 1  
  132  8:31  Photon Cannon  
  132  8:32  Photon Cannon  
  132  8:34  Photon Cannon  
  132  8:36  Photon Cannon  
  132  8:38  Photon Cannon  
  138  8:43  Photon Cannon  
  138  8:46  Carrier (Chrono Boost)  
  138  8:48  Colossus (Chrono Boost)  
  138  8:49  Observer  
  144  8:57  Pylon  
  144  9:04  Protoss Air Weapons Level 2 (Chrono Boost)  
  144  9:14  Carrier  
  150  9:18  Photon Cannon  
  150  9:19  Photon Cannon  
  150  9:22  Assimilator  
  149  9:26  Assimilator  
  149  9:30  Photon Cannon  
  149  9:34  Photon Cannon, Observer (Chrono Boost)  
  149  9:36  Photon Cannon, Stargate  
  149  9:38  Pylon  
  150  9:45  Pylon  
  150  9:50  Mothership (Chrono Boost)  
  158  10:05  Carrier  
  164  10:18  Protoss Shields Level 1  
  164  10:22  Carrier  
  164  10:27  Void Ray  
  174  10:36  Pylon  
  174  10:49  Pylon  
  174  10:51  Pylon  
  174  11:04  Stargate  
  174  11:09  Carrier (Chrono Boost)  
  186  11:13  Carrier (Chrono Boost)  
  186  11:18  Cybernetics Core  
  186  11:24  Pylon  
  186  11:31  Nexus  
  186  11:41  Carrier (Chrono Boost)  
  171  12:15  Stargate  
Show
View Real Time Build Order
Export as new Build Order

ZerlingKing Zerg 

Build Orders: Hatch First, Lurkers 

Get SALT Encoding   

  12  0:01  Drone  
  13  0:13  Overlord  
  13  0:19  Drone  
  14  0:31  Drone x2  
  14  0:35  Drone  
  17  0:52  Hatchery  
  17  0:55  Drone  
  17  1:02  Drone  
  18  1:12  Spawning Pool  
  18  1:16  Drone  
  18  1:17  Extractor  
  17  1:19  Drone  
  18  1:29  Drone  
  19  1:39  Drone  
  20  1:53  Hatchery  
  19  1:58  Queen  
  19  2:00  Drone  
  22  2:09  Queen  
  22  2:12  Drone  
  25  2:16  Drone  
  25  2:22  Overlord  
  26  2:26  Zergling x2  
  26  2:27  Zergling x2  
  28  2:33  Metabolic Boost  
  28  2:42  Drone x3  
  31  2:47  Overlord  
  31  2:57  Drone x2  
  33  3:01  Overlord  
  33  3:10  Drone x6  
  39  3:16  Queen  
  41  3:28  Queen  
  41  3:32  Drone x3, Extractor  
  41  3:33  Drone x2, Extractor  
  46  3:35  Drone  
  47  3:44  Evolution Chamber, Drone  
  47  3:45  Evolution Chamber  
  47  3:46  Drone  
  47  3:50  Spore Crawler  
  47  3:54  Spore Crawler  
  45  3:57  Drone x2  
  45  3:58  Drone  
  45  4:02  Overlord  
  48  4:06  Spore Crawler  
  47  4:13  Zerg Melee Weapons Level 1  
  47  4:17  Spore Crawler  
  46  4:25  Drone x2, Extractor  
  46  4:26  Drone  
  46  4:27  Drone  
  49  4:35  Drone x3, Lair  
  51  4:40  Drone x6  
  51  4:45  Zerg Missile Weapons Level 1, Overlord  
  57  4:47  Overlord  
  57  4:50  Overlord  
  57  5:00  Baneling Nest  
  57  5:07  Drone x6  
  57  5:08  Drone x2  
  57  5:10  Drone x2  
  66  5:22  Extractor  
  66  5:23  Drone x3, Extractor  
  66  5:24  Drone x2  
  69  5:29  Drone  
  70  5:38  Overseer  
  70  5:39  Pneumatized Carapace, Hydralisk Den  
  70  5:42  Zergling x12  
  75  5:44  Hatchery  
  75  5:47  Drone x2  
  76  5:50  Overlord  
  76  5:51  Overlord  
  76  5:52  Centrifical Hooks  
  76  6:03  Baneling x6  
  76  6:06  Drone x4  
  76  6:07  Overlord x2  
  76  6:08  Muscular Augments  
  80  6:13  Lurker Den  
  80  6:17  Drone x2  
  80  6:18  Drone x3  
  84  6:33  Zerg Ground Armor Level 1  
  84  6:35  Extractor  
  84  6:36  Drone x3  
  84  6:37  Extractor  
  84  6:38  Overlord x2  
  84  6:39  Drone x5  
  91  6:40  Drone  
  91  6:49  Zerg Missile Weapons Level 2  
  91  6:53  Drone x3  
  94  6:54  Drone x2  
  94  6:55  Drone x3  
  94  6:59  Spore Crawler, Queen  
  94  7:00  Hydralisk  
  102  7:10  Hydralisk x4  
  102  7:11  Hydralisk  
  112  7:16  Burrow  
  112  7:23  Infestation Pit, Hydralisk x4  
  112  7:24  Hydralisk  
  121  7:31  Lurker  
  121  7:35  Queen  
  124  7:39  Hydralisk x6  
  124  7:41  Overlord x3  
  136  7:55  Spine Crawler x2  
  134  7:59  Hive  
  134  8:01  Extractor  
  134  8:02  Hatchery  
  134  8:03  Extractor  
  134  8:04  Drone x3  
  134  8:05  Spine Crawler, Drone  
  134  8:06  Spine Crawler  
  133  8:14  Drone x3  
  133  8:15  Drone x3  
  138  8:32  Drone x2  
  138  8:33  Drone x2  
  142  8:35  Overlord x3  
  142  8:37  Lurker x5  
  147  8:45  Hydralisk x4  
  147  8:46  Hydralisk x2  
  159  8:49  Zerg Ground Armor Level 2  
  159  9:00  Overseer  
  159  9:05  Zerg Melee Weapons Level 2  
  159  9:07  Overlord x2  
  159  9:10  Viper  
  159  9:11  Viper x2  
  168  9:22  Adrenal Glands  
  168  9:25  Spore Crawler  
  168  9:27  Spine Crawler  
  168  9:28  Spine Crawler  
  168  9:30  Drone  
  166  9:35  Extractor  
  166  9:36  Hatchery  
  166  9:38  Drone x3, Extractor  
  165  9:39  Drone x3, Spine Crawler  
  165  9:40  Spine Crawler x2  
  165  9:41  Spine Crawler  
  165  9:49  Seismic Spines  
  165  9:52  Ultralisk Cavern  
  165  9:54  Drone x2  
  165  9:55  Drone  
  165  9:56  Drone  
  165  9:59  Hydralisk  
  168  10:00  Hydralisk x9  
  188  10:15  Spore Crawler  
  188  10:16  Spine Crawler x2  
  188  10:18  Lurker  
  188  10:19  Lurker, Spine Crawler  
  186  10:22  Drone  
  186  10:24  Drone x2  
  186  10:27  Spire  
  188  10:32  Spire  
  188  10:33  Hydralisk x5  
  197  10:38  Spine Crawler  
  196  10:43  Chitinous Plating  
  196  10:46  Adaptive Talons  
  196  11:03  Spore Crawler  
  195  11:06  Spine Crawler x2  
  193  11:17  Pathogen Glands  
  193  11:20  Overseer  
  126  11:47  Corruptor x6  
  126  11:48  Corruptor x7  
  147  11:57  Overlord x2  
  147  12:01  Overseer x2  
  147  12:04  Overseer  
  147  12:11  Spore Crawler x2  
  147  12:13  Spore Crawler  
Tags
 
Add a new tag
Caveats
  • Supply blocks, unpowered buildings, or Contaminate may cause inaccurate times.
  • Supply counts are checked every 10 seconds.